 Dungeon Crawl Stone Soup version 0.25-b1-23-ge2ad7d536c (webtiles) character file.

Game seed: 11726577788816830458, levelgen mode: deterministic

16 Masnef the Sneak (level 2, 0/13 HPs)
             Began as a Spriggan Enchanter on May 31, 2020.
             Slain by a jackal (2 damage)
             ... on level 2 of the Dungeon.
             The game lasted 00:06:38 (1470 turns).

Masnef the Sneak (Spriggan Enchanter)               Turns: 1470, Time: 00:06:38

Health: 0/13       AC:  2    Str:  4    XL:     2   Next: 37%
Magic:  6/6        EV: 18    Int: 16    God:
Gold:   41         SH:  0    Dex: 16    Spells: 3/6 levels left

rFire    . . .     SeeInvis +   f - +4 dagger
rCold    . . .     Gourm    .   (shield restricted)
rNeg     . . .     Faith    .   b - +0 robe
rPois    .         Spirit   .   (helmet restricted)
rElec    .         Reflect  .   (no cloak)
rCorr    .         Harm     .   (gloves unavailable)
MR       .....                  (boots unavailable)
Stlth    +++.......             (no amulet)
HPRegen  0.04/turn              (no ring)
MPRegen  0.10/turn              (no ring)

@: very quick
A: very small, unfitting armour, see invisible, herbivore, speed 3, slow
metabolism 2
a: no special abilities


You were on level 2 of the Dungeon.
You were not hungry.

You visited 1 branch of the dungeon, and saw 2 of its levels.

You collected 41 gold pieces.

Inventory:

Hand Weapons
 a - a +1 dagger
 f - a +4 dagger (weapon)
Armour
 b - a +0 robe (worn)
Scrolls
 g - a scroll of immolation {unknown}
 h - a scroll of identify {unknown}
 i - a scroll of enchant weapon {unknown}
 k - a scroll of remove curse {unknown}
Potions
 c - a potion of degeneration {unknown}
 e - a potion of mutation {unknown}
 j - a potion of heal wounds {unknown}
Comestibles
 d - 4 rations


   Skills:
 + Level 1.1 Short Blades
 - Level 3.0 Dodging
 * Level 5.7 Stealth
 - Level 2.6 Spellcasting
 + Level 3.7 Hexes


You had 3 spell levels left.
You knew the following spells:

 Your Spells              Type           Power        Failure   Level  Hunger
a - Corona                Hex            ##.....      4%          1    #......
b - Ensorcelled Hibernat  Hex/Ice        #.....       14%         2    ##.....

Your spell library contained the following spells:

 Spells                   Type           Power        Failure   Level  Hunger
 Confusing Touch          Hex            ##......     13%         3    ###....
 Tukima's Dance           Hex            ##......     13%         3    ###....
 Dazzling Flash           Conj/Hex       #.....       26%         3    ###....


Dungeon Overview and Level Annotations

Branches:
Dungeon (2/15)

Altars:


Innate Abilities, Weirdness & Mutations

You are very small and have problems with some larger weapons.
You are too small for most types of armour.
You have supernaturally acute eyesight. (SInv)
You are a herbivore.
You cover ground extremely quickly.
You need to consume almost no food.


Message History

The helpless frilled lizard fails to defend itself.
You impale the frilled lizard!!
You kill the frilled lizard!
The rat is too close now for your liking.
The rat twitches its whiskers.
Found a +0 club.
You see here a +0 club.
The hobgoblin is too close now for your liking.
You see here a +0 club.
The kobold is too close now for your liking.
There is a stone staircase leading down here.
You climb downwards.
The jackal bites you.
There is a stone staircase leading up here.
Unknown command.
Unknown command.
The jackal misses you. The worm bites you!
Ouch! That really hurt!
* * * LOW HITPOINT WARNING * * *
The jackal bites you.
You die...

##..w....
#.........
#.........
#...$.....
########.........
.......#.........
#..?.(..h........
#h......h........
#.....##w@.......
###.## #.........
# #.........
..........
##..(......
##........
##......# ####.##


You could see a worm and 2 jackals.

Vanquished Creatures
  A dart slug (D:1)
  4 bats
  A hobgoblin (D:1)
  4 frilled lizards
  2 goblins (D:1)
  A kobold (D:1)
  2 rats
15 creatures vanquished.

Notes
Turn   | Place    | Note
-------+----------+-------------------------------------------
     0 | D:1      | Masnef the Spriggan Enchanter began the quest for the Orb.
     0 | D:1      | Reached XP level 1. HP: 9/9 MP: 5/5
   646 | D:2      | Reached skill level 5 in Stealth
   715 | D:1      | Reached XP level 2. HP: 13/13 MP: 6/6
   719 | D:1      | Learned a level 2 spell: Ensorcelled Hibernation
  1470 | D:2      | Slain by a jackal

Illustrated notes

Levels and vault maps discovered:
D:1:      matt_arrival_los_fun, layout_basic
D:2:      layout_rooms, vehumet_crystals, minmay_joined_circles,
          uniq_crazy_yiuf_cottage, uniq_natasha

Skill      XL: |  1 |
---------------+----+-----
Stealth        | 5 |  5.7
Short Blades   | |  1.1
Dodging        | |  3.0
Spellcasting   | |  2.6
Hexes          | |  3.7

Action                   || total
-------------------------++-------
Melee: Dagger            ||    31
 Cast: Corona            ||     7
       Ensorcelled Hiber ||     7
 Stab: Sleeping          ||     6
Armor: Robe              ||     6
Dodge: Dodged            ||    47
